 Dungeon Crawl Stone Soup version 0.28.0-49-g6dfe1f597d (webtiles) character file.

Game seed: 2018435754476374713

1211 Holzbalken the Basher (level 8, -2/56 HPs)
             Began as a Demonspawn Gladiator on May 12, 2022.
             Was a Follower of Qazlal.
             Slain by an orc warrior
             ... wielding a +0 war axe
              (3 damage)
             ... on level 6 of the Dungeon.
             The game lasted 00:12:51 (5919 turns).

Holzbalken the Basher (Demonspawn Gladiator)        Turns: 5919, Time: 00:12:52

Health: -2/56      AC:  7    Str: 16    XL:     8   Next: 22%
Magic:  8/8        EV: 10    Int: 10    God:    Qazlal [*.....]
Gold:   123        SH:  1    Dex: 15    Spells: 7/7 levels left

rFire   . . .      SeeInvis .   a - +0 flail
rCold   . . .      Faith    .   (no shield)
rNeg    . . .      Spirit   .   l - +0 scale mail
rPois   .          Reflect  .   c - +0 helmet
rElec   .          Harm     .   (no cloak)
rCorr   .          Rampage  .   (no gloves)
Will    .....                   (no boots)
Stlth   ..........              (no amulet)
HPRegen 0.18/turn               k - ring of wizardry
MPRegen 0.22/turn               (no ring)

@: no status effects
A: magic regeneration, demonic touch 2
a: Renounce Religion


You were on level 6 of the Dungeon.
You worshipped Qazlal.
Qazlal was aware of your devotion.
You visited 1 branch of the dungeon, and saw 6 of its levels.

You collected 123 gold pieces.

Inventory:

Hand Weapons
 a - a +0 flail (weapon)
Missiles
 d - 3 throwing nets (quivered)
Armour
 b - a +0 leather armour
 c - a +0 helmet (worn)
 l - a +0 scale mail (worn)
 r - a +2 pair of gloves
Jewellery
 k - a ring of wizardry (left hand)
Scrolls
 f - 2 scrolls of amnesia {unknown}
 h - 2 scrolls of fear {unknown}
 j - a scroll of vulnerability {unknown}
 m - 5 scrolls of identify {unknown}
 n - a scroll of magic mapping {unknown}
 o - a scroll of noise {unknown}
 s - 2 scrolls of enchant weapon {unknown}
 u - a scroll of teleportation {unknown}
 w - 3 scrolls of summoning {unknown}
Potions
 e - a potion of heal wounds {unknown}
 g - a potion of cancellation {unknown}
 i - 2 potions of flight {unknown}
 p - a potion of resistance
 q - 3 potions of curing
 t - a potion of ambrosia {unknown}
 v - a potion of mutation {unknown}
 x - a potion of haste {unknown}


   Skills:
 - Level 2.0 Fighting
 + Level 9.5 Maces & Flails
 - Level 1.7 Throwing
 - Level 2.6 Dodging


You had 7 spell levels left.
You didn't know any spells.
Your spell library contained the following spells:

 Spells                   Type           Power      Damage    Failure   Level
 Leda's Liquefaction      Hex/Erth       0%         N/A       99%         4
 Fireball                 Conj/Fire      0%         3d3       100%        5
 Iskenderun's Battlesphe  Conj           0%         2d6       100%        5
 Lee's Rapid Deconstruct  Erth           0%         3d5*      100%        5
 Conjure Ball Lightning   Conj/Air       0%         3x3d6     100%        6
 Statue Form              Tmut/Erth      0%         N/A       100%        6
 Orb of Destruction       Conj           0%         9d5       100%        7


Dungeon Overview and Level Annotations

Branches:
Dungeon (6/15)             Temple (0/1) D:4

Altars:
Dithmenos
Elyvilon
Fedhas
Qazlal
Ru
The Shining One

Shops:
D:5 =


Innate Abilities, Weirdness & Mutations

You regenerate magic rapidly.
Your touch may inflict irresistible damage on your foes.


Message History

Things that are here:
a +0 halberd; a gnoll corpse The gnoll hits you from afar with a +0 spear.
The orc warrior hits you with a +0 war axe.
The gnoll barely misses you.
You hit the gnoll.
You touch the gnoll.
The gnoll is severely wounded.
The orc warrior hits you with a +0 war axe.
You hit the gnoll.
You kill the gnoll!
Qazlal accepts your kill. The orc warrior closely misses you.
The gnoll barely misses you.
The orc warrior hits you with a +0 war axe.
Things that are here:
a +0 spear; a +0 leather armour You closely miss the gnoll.
The gnoll hits you with a +0 whip.
You sock the gnoll!
You touch the gnoll.
The gnoll is almost dead.
The orc warrior hits you with a +0 war axe.
The gnoll hits you but does no damage.
You sock the gnoll!
You kill the gnoll!
Qazlal accepts your kill. The orc warrior misses you.
You closely miss the orc warrior. The orc warrior completely misses you.
You hit the orc warrior but do no damage.
Your touch misses the orc warrior.
The orc warrior hits you with a +0 war axe!
You hit the orc warrior.
You touch the orc warrior.
The orc warrior is lightly wounded.
The orc warrior hits you with a +0 war axe!!
* * * LOW HITPOINT WARNING * * *
You closely miss the orc warrior.
The orc warrior is lightly wounded.
The orc warrior misses you.
You hit the orc warrior but do no damage.
The orc warrior is lightly wounded.
The orc warrior hits you with a +0 war axe.
You die...

#...# #...#
######...##########o##
........... #.......#
..<...g.......#####.##
.Z...(.###.##.####o..########
.....<.........).#.#.........
.......###.##.##.#...########
.....h..... #.##o##.##
.......#### #...@...#
#.###########.##)..## #.
#...)...###.## # ####.#######
#.# #.......# #.# #.......#
#.# #.<.....# #.# #.......#
#.# #.......# #.#


You could see an orc warrior.

Vanquished Creatures
  Duvessa (D:5)
  A black bear (D:6)
  An ogre (D:6)
  4 necrophages
  A scorpion (D:4)
  Dowan (D:5)
  A centaur zombie (D:5)
  2 jellies (D:5)
  Crazy Yiuf (D:5)
  A centaur skeleton (D:5)
  2 hounds
  An orc wizard (D:5)
  Ijyb (D:5)
  A hound skeleton (D:5)
  4 gnolls
  6 adders
  A shadow imp (D:5)
  A white imp (D:5)
  An adder skeleton (D:4)
  A worm (D:3)
  6 dart slugs
  11 orcs
  4 ball pythons
  3 bats (D:1)
  8 endoplasms
  2 giant cockroaches
  4 goblins
  8 hobgoblins
  6 jackals
  2 quokkas (D:1)
  3 frilled lizards (D:2)
  3 kobolds
  8 rats
101 creatures vanquished.

Notes
Turn   | Place    | Note
-------+----------+-------------------------------------------
     0 | D:1      | Holzbalken the Demonspawn Gladiator began the quest for the
                  | Orb.
     0 | D:1      | Reached XP level 1. HP: 16/16 MP: 1/1
   263 | D:1      | Reached skill level 3 in Maces & Flails
   281 | D:1      | Gained mutation: Your touch may inflict minor irresistible
                  | damage on your foes. [demonic ancestry]
   281 | D:1      | Reached XP level 2. HP: 22/22 MP: 2/2
   379 | D:1      | Found a faded altar of an unknown god.
   455 | D:1      | Gained mutation: You regenerate magic rapidly. [demonic
                  | ancestry]
   455 | D:1      | Reached XP level 3. HP: 24/27 MP: 3/3
   657 | D:1      | Reached skill level 4 in Maces & Flails
  1736 | D:2      | Reached XP level 4. HP: 33/33 MP: 4/4
  2047 | D:3      | Noticed a necrophage
  2077 | D:2      | Killed a necrophage
  2078 | D:2      | Reached skill level 5 in Maces & Flails
  2078 | D:2      | Reached XP level 5. HP: 27/38 MP: 5/5
  2227 | D:3      | Found a stormy altar of Qazlal.
  2235 | D:3      | Became a worshipper of Qazlal Stormbringer
  2694 | D:4      | Reached skill level 6 in Maces & Flails
  3108 | D:4      | Found a staircase to the Ecumenical Temple.
  3488 | D:4      | Reached XP level 6. HP: 30/44 MP: 6/6
  3624 | D:4      | Found a blossoming altar of Fedhas.
  4218 | D:5      | Entered Level 5 of the Dungeon
  4395 | D:5      | Reached skill level 7 in Maces & Flails
  4453 | D:5      | Gained mutation: Your touch may inflict irresistible damage
                  | on your foes. [demonic ancestry]
  4453 | D:5      | Reached XP level 7. HP: 42/50 MP: 7/7
  4453 | D:5      | Reached * piety under Qazlal
  4701 | D:5      | Found a shadowy altar of Dithmenos.
  4747 | D:5      | Reached skill level 8 in Maces & Flails
  4869 | D:5      | Noticed Ijyb
  4874 | D:5      | Paralysed by Ijyb for 3 turns
  4879 | D:5      | Paralysed by Ijyb for 7 turns
  4881 | D:5      | Killed Ijyb
  5057 | D:5      | Found a sacrificial altar of Ru.
  5088 | D:5      | Noticed Dowan
  5089 | D:5      | Noticed Duvessa
  5097 | D:5      | Killed Duvessa
  5105 | D:5      | Killed Dowan
  5239 | D:5      | Found a runed translucent door.
  5240 | D:5      | Noticed Crazy Yiuf
  5245 | D:5      | Killed Crazy Yiuf
  5246 | D:5      | Reached skill level 9 in Maces & Flails
  5246 | D:5      | Reached XP level 8. HP: 56/56 MP: 8/8
  5355 | D:5      | Found Cij Hopn's Jewellery Boutique.
  5917 | D:6      | HP: 1/56 [orc warrior/+0 war axe (18)]
  5919 | D:6      | Slain by an orc warrior

Illustrated notes

Levels and vault maps discovered:
D:1:      dpeg_arrival_arbitrary_a, layout_loops_ring,
          dilly_ecumenical_altar_fadedgnrine, minmay_misc_feat_room
D:2:      layout_loops_corners
D:3:      layout_rooms, overflow_temple_1_default, grunt_decor_one_mirror
D:4:      layout_layer_cave, tso_altar, elyvilon_altar_1,
          mainiacjoe_overflow_concentric_impassable,
          minmay_temple_entry_stoned_glass
D:5:      layout_loops_ring, marbit_many_paths, lemuel_round_altar,
          serial_shops, shop, minmay_misc_feat_enclosed, uniq_ijyb,
          uniq_duvessa, uniq_crazy_yiuf_cottage
D:6:      layout_loops_cross, doesnt_xom_only_xom,
          gammafunk_temple_overflow_elements, serial_shops, shop, st_stairs_6

Skill      XL: |  1  2  3  4  5  6  7 |
---------------+----------------------+-----
Maces & Flails | 3 4 5 6 7 9 |  9.5
Fighting       | |  2.0
Throwing       | |  1.7
Dodging        | |  2.6

Action                   |  1- 3 |  4- 6 |  7- 9 || total
-------------------------+-------+-------+-------++-------
Melee: Flail             |   101 |   163 |    88 ||   352
       Touch             |    14 |    33 |    24 ||    71
       Punch             |       |     2 |     1 ||     3
Armor: Leather armour    |    17 |       |       ||    17
       Scale mail        |    20 |   136 |    23 ||   179
Dodge: Dodged            |    58 |   121 |    39 ||   218
